 Dungeon Crawl Stone Soup version 0.31-a0-221-gbddc013574 (webtiles) character file.

Game seed: 17239916142628407247

14282 ragingrage the Fighter (level 11, 0/109 HPs)
             Began as an Armataur Reaver on July 4, 2023.
             Was an Initiate of Gozag.
             Slain by a centaur warrior
             ... wielding a staff of earth
              (1 damage)
             ... on level 10 of the Dungeon.
             The game lasted 00:17:20 (19009 turns).

ragingrage the Fighter (Armataur Reaver)           Turns: 19009, Time: 00:17:21

Health: 0/109      AC:  7    Str: 20    XL:     11   Next: 86%
Magic:  13/13      EV:  8    Int: 19    God:    Gozag
Gold:   2119       SH:  9    Dex: 11    Spells: 9/13 levels left

rFire   . . .        a - +2 dagger (elec)
rCold   + . .        O - +0 buckler
rNeg    . . .        W - +1 ring mail {rC+}
rPois   .            k - +0 helmet
rElec   .            (no cloak)
rCorr   .            (no gloves)
SInv    .            (no barding)
Will    .....        y - amulet of reflection
Stlth   ++           v - ring of wizardry
HPRegen 0.38/turn    t - +6 ring of intelligence
MPRegen 0.13/turn

%: reflection, roll, wizardry (x1)
@: gold aura
A: large, rugged brown scales 3, deformed body, armoured tail, roll, long
tongue, awkward tongue
a: Renounce Religion, Potion Petition, Call Merchant, Bribe Branch


You were on level 10 of the Dungeon.
You worshipped Gozag.
Gozag was most pleased with you.
You visited 2 branches of the dungeon, and saw 13 of its levels.

You collected 2171 gold pieces.
You paid 52 gold pieces to Gozag.

Inventory:

Hand Weapons
 a - a +2 dagger of electrocution (weapon)
 b - a +2 dagger of venom
 j - a +3 scimitar
 F - a +0 battleaxe of electrocution
 L - a +3 hand axe
 X - a +0 quick blade
Missiles
 o - 18 poisoned darts (quivered)
 w - 8 boomerangs
 S - a curare-tipped dart
 Y - 4 throwing nets
Armour
 k - a +0 helmet (worn)
 O - a +0 buckler (worn)
 W - a +1 ring mail of cold resistance (worn)
Jewellery
 c - a ring of wizardry
 i - a ring of protection from cold
 t - a +6 ring of intelligence (right hand)
 v - a ring of wizardry (left hand)
 y - an amulet of reflection (around neck)
Wands
 u - a wand of roots (2)
 x - a wand of quicksilver (13)
 E - a wand of paralysis (6)
 I - a wand of flame (4)
 P - a wand of digging (2)
Scrolls
 d - 2 scrolls of torment
 e - 2 scrolls of teleportation
 g - 3 scrolls of enchant armour {unknown}
 n - 2 scrolls of acquirement {unknown}
 p - 2 scrolls of blinking
 r - a scroll of fog {unknown}
 s - a scroll of silence {unknown}
 C - a scroll of enchant weapon {unknown}
 D - a scroll of poison {unknown}
 G - 3 scrolls of revelation {unknown}
 M - a scroll of immolation {unknown}
 N - 3 scrolls of vulnerability
 R - a scroll of brand weapon {unknown}
 T - a scroll of noise {unknown}
 V - a scroll of fear {unknown}
Potions
 f - a potion of enlightenment {unknown}
 h - 2 potions of lignification
 l - a potion of berserk rage {unknown}
 m - a potion of might
 q - a potion of attraction {unknown}
 z - 3 potions of brilliance
 A - a potion of haste {unknown}
 B - 2 potions of cancellation
 H - 2 potions of mutation
 K - 3 potions of heal wounds
 Z - a potion of resistance {unknown}


   Skills:
 + Level 11.0 Fighting
 - Level 10.0 Short Blades
 - Level 4.3 Axes
 - Level 6.0 Throwing
 - Level 1.3 Dodging
 - Level 4.0 Stealth
 - Level 4.0 Shields
 - Level 1.7 Spellcasting
 - Level 2.6 Conjurations
 - Level 1.0 Necromancy
 + Level 5.1 Evocations


You had 9 spell levels left.
You knew the following spells:

 Your Spells              Type           Power      Damage    Failure   Level
a - Kiss of Death         Conj/Necr      32%        2d7       7%          1
b - Vhi's Electric Charg  Tloc/Air       2%         N/A       38%         3

Your spell library contained the following spells:

 Spells                   Type           Power      Damage    Failure   Level
 Momentum Strike          Conj/Tloc      12%        3d8       13%         2
 Hailstorm                Conj/Ice       6%         3d4       26%         3
 Ignite Poison            Fire/Tmut/Pois 1%         N/A       38%         3
 Sticky Flame             Conj/Fire      6%         2d3       61%         4
 Arcjolt                  Conj/Air       3%         1d13      90%         5
 Plasma Beam              Fire/Air       0%         2x1d10    100%        6
 Ignition                 Fire           0%         3d3       100%        8


Dungeon Overview and Level Annotations

Branches:
Dungeon (12/15)            Temple (1/1) D:6             Orc (0/2) D:9
   Lair: D:8-11

Altars:
Ashenzari
Cheibriados
Dithmenos
Fedhas
Gozag
Hepliaklqana
Kikubaaqudgha
Makhleb
Nemelex Xobeh
Okawaru
Qazlal
Ru
Trog
Vehumet
Wu Jian
Xom
Yredelemnul
Zin
The Shining One

Shops:
D:2 :   D:9 [

Annotations:
D:3 exclusion: downstairs
D:9 1 runed translucent door, particleface's ghost, novice TeDe
Temple 2 transporters


Innate Abilities, Weirdness & Mutations

You are completely covered in rugged brown scales. (AC +3, +7% HP)
Armour fits poorly on your strangely shaped body.
You have a long armoured tail.
You roll when moving toward enemies. (Rampage)
Your long tongue fully drains potion bottles. (2x potion effects)
Your tongue gives you trouble enunciating. (1.5x scroll delay)


Message History

You hit the vampire mosquito. You tail-slap the vampire mosquito.
You block the vampire mosquito's attack.
You hit the vampire mosquito.
You block the vampire mosquito's attack.
You hit the vampire mosquito.
Lightning courses through the vampire mosquito!
You destroy the vampire mosquito!
The centaur warrior shoots an arrow.
The arrow hits you!
The centaur warrior unwields a +0 shortbow.
The centaur warrior wields a staff of earth.
The centaur warrior barely misses you.
The centaur warrior hits you with a staff of earth.
The centaur warrior kicks you. You block the centaur warrior's attack.
The centaur warrior closely misses you. The centaur warrior kicks you.
You see here 5 gold pieces.
You hit the centaur warrior. You closely miss the centaur warrior.
You block the centaur warrior's attack.
The centaur warrior hits you with a staff of earth.
You block the centaur warrior's attack.
You hit the centaur warrior but do no damage.
Lightning courses through the centaur warrior!!
You block the centaur warrior's attack. The centaur warrior barely misses you.
The centaur warrior closely misses you.
You hit the centaur warrior but do no damage.
The centaur warrior hits you with a staff of earth!
* * * LOW HITPOINT WARNING * * *
The centaur warrior hits you with a staff of earth!
* * * LOW HITPOINT WARNING * * *
You block the centaur warrior's attack.
You hit the centaur warrior.
Lightning courses through the centaur warrior!
Your tail-slap misses the centaur warrior.
A wyvern comes into view.
The centaur warrior hits you with a staff of earth!
* * * LOW HITPOINT WARNING * * *
The centaur warrior shatters you.
* * * LOW HITPOINT WARNING * * *
The centaur warrior hits you with a staff of earth.
You die...
Your body crumbles into a pile of gold.

..#..# .#..# ..#. $.#....
.....# ...... ... .....
....###......### ..###....
##......###....l ......#
#........# ..... .....
#..#..#..# #... $ #$.# ####..#
### #.⌠.#######..# ##
#..#..#.[#..#.:.#..#..#()#..#
#........#.....c@..#........#
##......###.......###......##
....###......###......###......
.....# ..... #........# ......
..#..# .#..# #..#..#..#$.#....
..#######..#######..#### ##...#
..#..#..#..#..#..#..#..# .#...#
.....#........#........# ......
....###......###......###...!.#


You could see a centaur warrior and a wyvern (wandering).

Vanquished Creatures
  Harold (D:11)
  A centaur warrior (D:8)
  A two-headed ogre (D:10)
  Pikel (D:3)
  A cyclops (D:11)
  A manticore (D:11)
  A water nymph (shapeshifter) (D:10)
  An unseen horror (D:10)
  Psyche (D:9)
  A kobold demonologist (D:11)
  A hornet (D:8)
  Grinder (D:3)
  2 trolls (D:11)
  2 shadows
  2 wyverns
  20 yaks
  A basilisk (D:10)
  2 wraiths
  A human (D:10)
  2 hogs (D:10)
  Eustachio (D:5)
  2 steam dragons
  3 vampire mosquitoes
  2 acid dragons (D:10)
  A swamp worm (shapeshifter) (D:10)
  2 orc warriors (D:9)
  2 water moccasins
  3 black bears (D:6)
  A sky beast (D:7)
  3 ogres
  8 centaurs
  4 kobold brigands
  4 gnoll sergeants
  A bullfrog (D:9)
  A scorpion (D:6)
  7 wights
  5 killer bees
  A howler monkey (D:8)
  A crimson imp (D:8)
  A lava snake (D:10)
  A hound (D:4)
  7 orc priests
  6 iguanas
  3 sleepcaps
  Ijyb (D:3)
  5 orc wizards
  Robin (D:3)
  17 gnolls
  11 adders
  A white imp (D:7)
  3 ufetubi
  3 worms
  7 dart slugs
  31 orcs
  5 ball pythons
  7 endoplasms
  4 giant cockroaches
  12 hobgoblins
  A quokka (D:4)
  8 bats
  2 frilled lizards
  20 goblins
  17 kobolds
  8 rats
  A spectral hobgoblin (D:6)
279 creatures vanquished.

Vanquished Creatures (others)
  3 orcs (D:7)
3 creatures vanquished.

Grand Total: 282 creatures vanquished

Notes
Turn   | Place    | Note
-------+----------+-------------------------------------------
     0 | D:1      | ragingrage the Armataur Reaver began the quest for the Orb.
     0 | D:1      | Reached XP level 1. HP: 18/18 MP: 3/3
    95 | D:1      | Reached XP level 2. HP: 19/25 MP: 4/4
   435 | D:1      | Reached skill level 1 in Necromancy
   435 | D:1      | Reached XP level 3. HP: 30/31 MP: 5/5
   939 | D:2      | Found Ali Qoe's Book Shoppe.
  1410 | D:2      | Reached XP level 4. HP: 18/38 MP: 6/6
  1643 | D:3      | Noticed Robin
  1656 | D:3      | Killed Robin
  1953 | D:3      | Noticed Grinder
  2078 | D:3      | Noticed Ijyb
  2153 | D:3      | Killed Ijyb
  2154 | D:3      | Reached skill level 2 in Fighting
  2154 | D:3      | Reached skill level 1 in Stealth
  2154 | D:3      | Reached XP level 5. HP: 36/43 MP: 7/7
  2351 | D:3      | Found a faded altar of an unknown god.
  2432 | D:4      | Noticed Pikel
  2432 | D:4      | Noticed a lemure
  2432 | D:4      | Noticed a lemure
  2433 | D:4      | Noticed a lemure
  2493 | D:4      | Noticed an ogre
  2643 | D:3      | Killed Grinder
  2644 | D:3      | Reached skill level 3 in Fighting
  2644 | D:3      | Reached XP level 6. HP: 42/54 MP: 8/8
  3167 | D:4      | Reached XP level 7. HP: 59/60 MP: 9/9
  3405 | D:3      | Killed Pikel
  3406 | D:3      | Reached XP level 8. HP: 24/67 MP: 10/10
  3654 | D:4      | Found a shadowy altar of Dithmenos.
  4041 | D:5      | Entered Level 5 of the Dungeon
  4048 | D:5      | Found an opulent altar of Gozag.
  4525 | D:5      | Became a worshipper of Gozag Ym Sagoz the Greedy
  4642 | D:5      | Noticed Eustachio
  4686 | D:5      | Killed Eustachio
  4687 | D:5      | Reached skill level 4 in Fighting
  5532 | D:6      | Found a staircase to the Ecumenical Temple.
  5538 | Temple   | Entered the Ecumenical Temple
  5538 | Temple   | Found a transporter.
  5538 | Temple   | Found a transporter.
  6213 | D:6      | Found a glowing silver altar of Zin.
  6269 | D:6      | Reached XP level 9. HP: 55/75 MP: 11/11
  8704 | D:6      | Found a hazy altar of Hepliaklqana.
  8825 | D:7      | Found a blossoming altar of Fedhas.
  8872 | D:7      | Found a snail-covered altar of Cheibriados.
  8950 | D:7      | Reached skill level 1 in Evocations
  9452 | D:7      | Reached skill level 1 in Shields
  9638 | D:8      | Noticed a centaur warrior
  9644 | D:8      | Killed a centaur warrior
  9645 | D:8      | Reached skill level 5 in Fighting
 10749 | D:7      | Found a sparkling altar of Nemelex Xobeh.
 10798 | D:7      | Reached XP level 10. HP: 79/88 MP: 12/12
 11330 | D:8      | Reached skill level 6 in Fighting
 11347 | D:8      | Paralysed by a hornet for 2 turns
 11613 | D:8      | Found an ornate altar of the Wu Jian Council.
 11691 | D:8      | Found a glowing golden altar of the Shining One.
 11749 | D:8      | Found an ancient bone altar of Kikubaaqudgha.
 11788 | D:8      | Found a stormy altar of Qazlal.
 11963 | D:8      | Found a sacrificial altar of Ru.
 11984 | D:8      | Found a burning altar of Makhleb.
 11985 | D:8      | Found a radiant altar of Vehumet.
 12252 | D:9      | Reached skill level 7 in Fighting
 12415 | D:9      | Reached skill level 10 in Short Blades
 12606 | D:9      | Reached skill level 8 in Fighting
 12753 | D:9      | Found a basalt altar of Yredelemnul.
 13056 | D:9      | Found Lutag's Armour Emporium.
 13077 | D:9      | Found a staircase to the Orcish Mines.
 13077 | D:9      | Found a runed translucent door.
 13079 | D:9      | Noticed Psyche
 13096 | D:9      | Killed Psyche
 13097 | D:9      | Reached skill level 9 in Fighting
 13188 | D:9      | Found a shimmering altar of Xom.
 13188 | D:9      | Noticed particleface's ghost (novice TeDe)
 13190 | D:9      | Noticed a +1 quarterstaff of chaos
 13380 | D:10     | Entered Level 10 of the Dungeon
 13427 | D:10     | Noticed a two-headed ogre
 14125 | D:9      | Reached XP level 11. HP: 81/105 MP: 13/13
 14345 | D:10     | HP: 5/105 [something (7)]
 14633 | D:10     | Reached skill level 10 in Fighting
 14843 | D:10     | Killed a two-headed ogre
 14919 | D:10     | Noticed a centaur warrior
 14945 | D:10     | Reached skill level 1 in Throwing
 16507 | D:10     | Noticed a bunyip
 16522 | D:10     | Noticed an ice dragon
 16621 | D:11     | Noticed a sixfirhy
 16743 | D:11     | Reached skill level 5 in Evocations
 17202 | D:11     | Noticed Harold
 17213 | D:11     | Killed Harold
 17610 | D:12     | Noticed a purple ugly thing
 18122 | D:9      | Reached skill level 11 in Fighting
 18387 | D:10     | Reached skill level 5 in Throwing
 18953 | D:10     | Learned a level 3 spell: Vhi's Electric Charge
 19009 | D:10     | HP: 4/109 [centaur warrior/staff of earth (15)]
 19009 | D:10     | HP: 1/109 [centaur warrior/staff of earth (3)]
 19009 | D:10     | Slain by a centaur warrior

Illustrated notes

Levels and vault maps discovered:
D:1:      onia_arrival_pentagram, layout_loops_ring
D:2:      layout_loops_ring, serial_shops, shop
D:3:      layout_basic, shapermc_ecumenical_altar_mp_urbaneastern,
          nicolae_houndstooth_variations, uniq_robin, uniq_grinder, uniq_ijyb
D:4:      layout_gridville, mainiacjoe_overflow_cross_hatched, minmay_cupped,
          uniq_pikel
D:5:      layout_loops_ring, overflow_temple_1_default, uniq_eustachio
D:6:      layout_loops_ring, nicolae_hepliaklqana_monster_ancestors,
          overflow_temple_1_default, minmay_temple_entry_fiery, centaur_isle
D:7:      hellmonk_ruined_rings, layout_loops_corners, fedhas_altar_3,
          cheibriados_altar_1, mainiacjoe_overflow_alcove_2, minmay_statues_item
D:8:      layout_rooms, grunt_temple_overflow_lords_of_destruction,
          nicolae_ru_the_path_less_chosen, lemuel_tele_altar,
          pdpol_wu_jian_five_deadly_venoms,
          chequers_temple_overflow_statue_of_worship
D:9:      layout_roguey, yredelemnul_altar_generic, orc_david_3,
          ebering_ghost_xom, chequers_arboretum, uniq_psyche
D:10:     hangedman_cross_cluster, layout_loops_corners, kennysheep_minor_cross,
          grunt_livestock
D:11:     layout_roguey, uniq_harold
D:12:     layout_loops_ring, gammafunk_ghost_fury_of_okawaru,
          nicolae_shop_clearance
Temple:   hellmonk_temple_divided_pantheon

Skill      XL: |  1  2  3  4  5  6  7  8  9 10 11 |
---------------+----------------------------------+-----
Axes           | 3 4 |  4.3
Necromancy     | 1 |  1.0
Fighting       | 2 3 4 5 9 11 | 11.0
Stealth        | 1 3 4 |  4.0
Short Blades   | 2 3 6 8 9 10 | 10.0
Evocations     | 4 5 |  5.1
Shields        | 4 |  4.0
Throwing       | 6 |  6.0
Dodging        | |  1.3
Spellcasting   | |  1.7
Conjurations   | |  2.6

Action                     |  1- 3 |  4- 6 |  7- 9 | 10-12 || total
---------------------------+-------+-------+-------+-------++-------
  Melee: Hand axe          |   130 |    49 |       |       ||   179
         Tailslap          |    12 |    20 |    63 |   111 ||   206
         Dagger            |       |    87 |   429 |   635 ||  1151
         Unarmed           |       |     6 |    11 |       ||    17
         Punch             |       |     1 |     1 |       ||     2
         Spear             |       |       |     2 |       ||     2
  Throw: Dart              |       |     7 |    14 |    25 ||    46
  Evoke: Wand              |       |       |    10 |     5 ||    15
    Use: Potion            |       |     2 |     1 |     2 ||     5
         Scroll            |       |     1 |     6 |     4 ||    11
   Stab: Paralysed         |       |       |     1 |       ||     1
         Distracted        |       |       |       |     2 ||     2
         Sleeping          |       |       |       |     1 ||     1
 Armour: Leather armour    |    57 |       |       |       ||    57
         Chain mail        |       |    48 |   127 |    35 ||   210
         Skin              |       |       |     4 |       ||     4
         Ring mail         |       |       |       |    80 ||    80
  Dodge: Dodged            |    55 |    28 |    82 |    89 ||   254
  Block: Other             |       |       |    67 |       ||    67
         Buckler           |       |       |    27 |   178 ||   205
         Reflection        |       |       |    24 |     9 ||    33

Table legend: (Time is in decaauts)
 A = Elapsed time spent in this place.
 B = Non-inter-level travel time spent in this place.
 C = Inter-level travel time spent in this place.
 D = Time resting spent in this place.
 E = Time spent auto-exploring this place.
 F = Levels seen in this place.
 G = Mean time per level.
                   A        B        C        D        E       F      G
               +--------+--------+--------+--------+--------+-----+--------+
         Total |  18536 |  17667 |    869 |   7163 |   7734 |  13 | 1425.8 |
       Dungeon |  18531 |  17662 |    869 |   7163 |   7734 |  12 | 1544.2 |
        Temple |      4 |      4 |      0 |      0 |      0 |   1 |    4.0 |
               +--------+--------+--------+--------+--------+-----+--------+

Top non-repeatable levels by time:
     D:9: 3334 daAuts
     D:6: 3204 daAuts
    D:10: 2168 daAuts
     D:7: 2050 daAuts
     D:5: 1515 daAuts
     D:3: 1240 daAuts
    D:11: 1193 daAuts
     D:4: 1134 daAuts
     D:8: 1019 daAuts
     D:2: 908 daAuts
     D:1: 747 daAuts
    D:12: 14 daAuts
  Temple: 4 daAuts
